 Dungeon Crawl Stone Soup version 0.29-a0-297-g7659ce593d (webtiles) character file.

Game seed: 17465336648306335123

4842 Armakuni the Cruncher (level 10, -2/81 HPs)
             Began as a Demigod Wanderer on Mar 20, 2022.
             Slain by a gargoyle
             ... wielding a +0 flail
              (16 damage)
             ... on level 7 of the Dungeon.
             The game lasted 00:14:41 (10129 turns).

Armakuni the Cruncher (Demigod Wanderer)           Turns: 10129, Time: 00:14:42

Health: -2/81      AC: 14    Str: 18    XL:     10   Next: 5%
Magic:  14/14      EV: 10    Int: 22    God:
Gold:   129        SH:  5    Dex: 15    Spells: 8/11 levels left

rFire   . . .      SeeInvis .   a - +1 flail (elec)
rCold   . . .      Faith    .   q - +0 buckler {AC+3}
rNeg    . . .      Spirit   .   t - +1 swamp dragon scales
rPois   +          Reflect  .   o - +0 helmet {Int+3}
rElec   .          Harm     .   n - +0 cloak
rCorr   .          Rampage  .   l - +0 pair of gloves
Will    +....                   (no boots)
Stlth   +.........              (no amulet)
HPRegen 0.23/turn               W - ring of wizardry
MPRegen 0.14/turn               (no ring)

@: no status effects
A: high MP 1, forlorn, divine attributes
a: no special abilities


You were on level 7 of the Dungeon.
You visited 1 branch of the dungeon, and saw 7 of its levels.

You collected 451 gold pieces.
You spent 322 gold pieces at shops.

Inventory:

Hand Weapons
 a - a +1 flail of electrocution (weapon)
Armour
 l - a +0 pair of gloves (worn)
 n - a +0 cloak (worn)
 o - a +0 helmet of intelligence (worn)
 q - a +0 buckler of protection (worn)
 t - +1 swamp dragon scales (worn)
Magical Staves
 b - a staff of poison
Jewellery
 F - a ring of fire
 W - a ring of wizardry (left hand)
Wands
 p - a wand of polymorph (5)
Scrolls
 c - 2 scrolls of vulnerability
 d - a scroll of holy word
 h - a scroll of noise
 i - 2 scrolls of teleportation
 j - a scroll of fear
 s - a scroll of fog
Potions
 e - 3 potions of brilliance
 k - a potion of lignification


   Skills:
 - Level 5.0 Fighting
 + Level 4.5(8.3) Maces & Flails
 - Level 10.8(11.2) Staves
 - Level 1.0 Dodging
 - Level 4.0 Shields
 - Level 1.0 Spellcasting
 + Level 4.2 Necromancy
 - Level 1.7 Evocations


You had 8 spell levels left.
You knew the following spells:

 Your Spells              Type           Power      Damage    Failure   Level
z - Vampiric Draining     Necr           19%        2d7       8%          3

Your spell library contained the following spells:

 Spells                   Type           Power      Damage    Failure   Level
 Pain                     Necr           76%        1d7       2%          1
 Petrify                  Tmut/Erth      1%         N/A       77%         4
 Metabolic Englaciation   Hex/Ice        0%         N/A       98%         5
 Statue Form              Tmut/Erth      0%         N/A       100%        6
 Borgnjor's Revivificati  Necr           9%         N/A       100%        8
 Necromutation            Tmut/Necr      5%         N/A       100%        8
 Death's Door             Necr           9%         N/A       100%        9


Dungeon Overview and Level Annotations

Branches:
Dungeon (7/15)             Temple (0/1) D:5

Shops:
D:7 [


Innate Abilities, Weirdness & Mutations

You have an increased reservoir of magic. (+10% MP)
You shall have no god before yourself.
Your divine heritage dramatically boosts your attributes as you level up.


Message History

You hit the gargoyle but do no damage. The gargoyle hits you with a +0 flail!
You hit the gargoyle.
The gargoyle is lightly damaged.
The gargoyle hits you but does no damage.
You hit the gargoyle but do no damage.
The gargoyle is lightly damaged.
The gargoyle hurls a stone arrow at you.
The stone arrow hits you!
You are too injured to fight recklessly!
You are too injured to fight recklessly!
You hit the gargoyle but do no damage.
The gargoyle is lightly damaged.
You block the gargoyle's attack.
You completely miss the gargoyle.
The gargoyle is lightly damaged.
The gargoyle hurls a stone arrow at you.
The stone arrow hits you!
You hit the gargoyle but do no damage.
The gargoyle is lightly damaged.
The gargoyle hurls a stone arrow at you.
The stone arrow misses you.
You hit the gargoyle but do no damage.
The gargoyle is lightly damaged.
The gargoyle hits you with a +0 flail. The gargoyle misses you.
You hit the gargoyle but do no damage.
The gargoyle is lightly damaged.
You hit the gargoyle but do no damage.
The gargoyle is lightly damaged.
The gargoyle hurls a stone arrow at you.
The stone arrow misses you. The gargoyle hits you with a +0 flail.
* * * LOW HITPOINT WARNING * * *
You hit the gargoyle.
The gargoyle is lightly damaged.
You sock the gargoyle!
The gargoyle is severely damaged.
The gargoyle hurls a stone arrow at you.
The stone arrow hits you!
* * * LOW HITPOINT WARNING * * *
The gargoyle hits you with a +0 flail!
You die...

#.# #... #.# #...
#.###### #...
#.#....######...
#..)............
#.#######..#.##.
#.#P...P#.##.#..
##+######.#.###.#.##..#.
.......@..#.'.#.'..#.#..
......9...#.###.#)#...#.
..........#P...P#.#..##.
..........#######.#.#.#.
..................#####.
..........##.#..##.##...
#........)#..#.#....#..#
#########)####..#####.#.
#...).#.##...#..#.#


You could see a gargoyle.

Vanquished Creatures
  A two-headed ogre (D:7)
  Pikel (D:6)
  Maggie (D:7)
  A rime drake (D:6)
  A troll (D:7)
  Prince Ribbit (D:7)
  A wraith (D:7)
  A yak (D:7)
  Menkaure (D:7)
  An acid dragon (D:7)
  A water moccasin (D:6)
  2 orc warriors (D:7)
  4 ice beasts
  3 black bears
  An ogre (D:5)
  2 centaurs
  A lemure (D:6)
  A bullfrog (D:7)
  2 scorpions
  A necrophage (D:7)
  3 killer bees (D:7)
  A jelly (D:5)
  6 orc priests
  3 hounds
  8 orc wizards
  3 iguanas
  4 gnolls (D:4)
  5 adders
  A shadow imp (D:7)
  A white imp (D:6)
  An ufetubus (D:6)
  3 dart slugs
  33 orcs
  7 ball pythons
  A bat (D:3)
  5 endoplasms
  2 giant cockroaches
  5 hobgoblins
  8 jackals
  5 quokkas
  3 frilled lizards
  8 goblins
  4 kobolds
  A rat (D:2)
149 creatures vanquished.

Vanquished Creatures (others)
  9 plants (D:7)
9 creatures vanquished.

Grand Total: 158 creatures vanquished

Notes
Turn   | Place    | Note
-------+----------+-------------------------------------------
     0 | D:1      | Armakuni the Demigod Wanderer began the quest for the Orb.
     0 | D:1      | Armakuni set off with the following items: a +0 flail, a
                  | wand of flame (3), a scroll of vulnerability, a +0 leather
                  | armour; and the following spell memorised: Pain; and the
                  | following spells available to memorise: Vampiric Draining
     0 | D:1      | Reached XP level 1. HP: 17/17 MP: 4/4
   629 | D:1      | Reached XP level 2. HP: 13/25 MP: 5/5
  1755 | D:2      | Reached XP level 3. HP: 15/31 MP: 6/6
  2352 | D:3      | Learned a level 3 spell: Vampiric Draining
  3057 | D:3      | Reached skill level 1 in Staves
  3304 | D:4      | Reached XP level 4. HP: 32/40 MP: 8/8
  3610 | D:4      | Reached skill level 2 in Staves
  4049 | D:4      | Reached XP level 5. HP: 42/46 MP: 9/9
  4351 | D:4      | Noticed a black bear
  4360 | D:4      | Killed a black bear
  4361 | D:4      | Reached skill level 3 in Staves
  4760 | D:5      | Entered Level 5 of the Dungeon
  4760 | D:5      | Noticed an ogre
  4765 | D:5      | Killed an ogre
  4766 | D:5      | Reached skill level 5 in Fighting
  4766 | D:5      | Reached XP level 6. HP: 56/56 MP: 8/10
  4929 | D:5      | Found a staircase to the Ecumenical Temple.
  4940 | D:5      | Reached skill level 4 in Staves
  5237 | D:5      | Reached skill level 5 in Staves
  5246 | D:5      | Reached XP level 7. HP: 50/61 MP: 11/11
  5726 | D:6      | Reached skill level 6 in Staves
  5992 | D:6      | Noticed Pikel
  6010 | D:6      | Killed Pikel
  6011 | D:6      | Reached skill level 8 in Staves
  6011 | D:6      | Reached XP level 8. HP: 14/68 MP: 12/12
  6626 | D:6      | Noticed a hornet
  6627 | D:6      | Noticed a rime drake
  6627 | D:6      | a hornet changed into a rime drake
  6632 | D:6      | Killed a rime drake
  6633 | D:6      | Reached skill level 9 in Staves
  7422 | D:7      | Noticed Menkaure
  7718 | D:7      | Killed Menkaure
  7763 | D:7      | Found Vublunto's Armour Boutique.
  7773 | D:7      | Bought a +0 helmet of intelligence for 161 gold pieces
  7773 | D:7      | Bought a +0 buckler of protection for 161 gold pieces
  7790 | D:7      | Noticed Prince Ribbit
  7813 | D:7      | Reached skill level 10 in Staves
  7814 | D:7      | Reached skill level 1 in Shields
  7831 | D:7      | Reached XP level 9. HP: 43/74 MP: 13/13
  7841 | D:7      | Killed Prince Ribbit
  8674 | D:7      | Identified the +1 scale mail of Fabokom {Will+}
  8734 | D:7      | Noticed Maggie
  8756 | D:7      | Killed Maggie
  9201 | D:7      | Noticed a two-headed ogre
  9215 | D:7      | Killed a two-headed ogre
  9495 | D:7      | Noticed a gargoyle
  9692 | D:7      | Reached XP level 10. HP: 50/81 MP: 14/14
 10129 | D:7      | Slain by a gargoyle

Illustrated notes

Levels and vault maps discovered:
D:1:      nagdon_arrival_double_spiral, layout_basic
D:2:      layout_basic, hellmonk_ecumenical_altar_dog_temple, minivault_27
D:3:      layout_basic
D:4:      layout_basic, lemuel_tele_altar, corexii_hall_statues_i
D:5:      layout_loops_ring, minmay_temple_entry_waves
D:6:      layout_loops_ring, uniq_pikel
D:7:      layout_basic, serial_shops, nicolae_shop_stone,
          minmay_shattered_shrine, uniq_crazy_yiuf_cottage, uniq_prince_ribbit1,
          uniq_maggie, uniq_menkaure

Skill      XL: |  1  2  3  4  5  6  7  8  9 |
---------------+----------------------------+-----
Fighting       | 2 3 4 5 |  5.0
Maces & Flails | 2 4 |  4.5
Staves         | 1 2 3 5 8 10 | 10.8
Shields        | 1 4 |  4.0
Necromancy     | 4 |  4.2
Dodging        | |  1.0
Spellcasting   | |  1.0
Evocations     | |  1.7

Action                   |  1- 3 |  4- 6 |  7- 9 | 10-12 || total
-------------------------+-------+-------+-------+-------++-------
Melee: Flail             |   142 |    87 |   332 |    20 ||   581
       Punch             |       |       |     1 |       ||     1
 Cast: Pain              |       |     1 |       |       ||     1
Evoke: Wand              |       |     3 |     2 |       ||     5
  Use: Scroll            |    10 |     1 |     5 |       ||    16
       Potion            |     3 |       |     4 |       ||     7
 Stab: Invisible         |       |       |     3 |       ||     3
Armor: Leather armour    |    14 |       |       |       ||    14
       Ring mail         |    44 |    50 |   107 |       ||   201
       Swamp dragon scal |       |       |    21 |     2 ||    23
Dodge: Dodged            |   111 |    49 |   146 |     7 ||   313
Block: Buckler           |       |       |    36 |     3 ||    39

Table legend: (Time is in decaauts)
 A = Elapsed time spent in this place.
 B = Non-inter-level travel time spent in this place.
 C = Inter-level travel time spent in this place.
 D = Time resting spent in this place.
 E = Time spent auto-exploring this place.
 F = Levels seen in this place.
 G = Mean time per level.
                   A        B        C        D        E       F      G
               +--------+--------+--------+--------+--------+-----+--------+
         Total |  10238 |  10150 |     88 |   2532 |   6103 |   7 | 1462.6 |
       Dungeon |  10238 |  10150 |     88 |   2532 |   6103 |   7 | 1462.6 |
               +--------+--------+--------+--------+--------+-----+--------+

Top non-repeatable levels by time:
     D:7: 2447 daAuts
     D:6: 2046 daAuts
     D:4: 1518 daAuts
     D:1: 1151 daAuts
     D:2: 1136 daAuts
     D:3: 1013 daAuts
     D:5: 925 daAuts
